 Dungeon Crawl Stone Soup version 0.22-a0-389-g8519d86 (webtiles) character file.

37 Kairos the Shield-Bearer (level 3, 19/19 HPs)
             Began as a Vine Stalker Fighter on Apr 30, 2018.
             Quit the game on level 1 of the Dungeon.
             The game lasted 00:01:41 (893 turns).

Kairos the Shield-Bearer (Vine Stalker Fighter)      Turns: 893, Time: 00:01:42

Health: 19/19      AC:  6    Str: 19    XL:     3   Next: 39%
Magic:  4/4        EV:  7    Int:  8    God:
Gold:   61         SH:  9    Dex: 13    Spells: 2/2 levels left

rFire    . . .     SeeInvis .   a - +0 war axe
rCold    . . .     Gourm    .   c - +0 shield
rNeg     . . .     Faith    .   b - +0 scale mail
rPois    .         Spirit   +   (no helmet)
rElec    .         Reflect  .   (no cloak)
rCorr    .         Harm     .   (no gloves)
MR       .....                  (no boots)
Stlth    ..........             (no amulet)
HPRegen  0.06/turn              (no ring)
MPRegen  0.09/turn              (no ring)

@: no status effects
A: fangs 2, magic shield, antimagic bite, no potion heal 3, rot immunity
a: no special abilities


You were on level 1 of the Dungeon.
You were not hungry.

You visited 1 branch of the dungeon, and saw 1 of its levels.

You collected 61 gold pieces.

Inventory:

Hand Weapons
 a - a +0 war axe (weapon)
Missiles
 k - 4 tomahawks (quivered)
Armour
 b - a +0 scale mail (worn)
 c - a +0 shield (worn)
Scrolls
 g - a scroll of fog
Potions
 d - a potion of might
 j - a potion of flight
Comestibles
 f - 3 rations


   Skills:
 + Level 2.9 Fighting
 + Level 2.1 Axes
 + Level 2.7 Armour
 + Level 0.4 Dodging
 + Level 3.2 Shields


You had 2 spell levels left.
You didn't know any spells.

Dungeon Overview and Level Annotations

Branches:
Dungeon (1/15)

Altars:


Innate Abilities, Weirdness & Mutations

You have extremely sharp teeth.
When hurt, damage is shared between your health and your magic reserves.
Your bite disrupts and absorbs the magic of your enemies.
Potions cannot restore your health.
You are immune to rotting.


Message History

No target in view!
No target in view!
You see here a giant cockroach corpse.
f - 3 rations (gained 1)
You open the door.
There is an open door here.
Done exploring.
Done exploring.
Done exploring.
As you read the scroll labeled KEMEITWIMPO, it crumbles to dust.
You feel momentarily disoriented.
It was a scroll of magic mapping.
As you read the scroll labeled TINEP QYRO, it crumbles to dust.
The scroll dissolves into smoke.
It was a scroll of fog.
As you read the scroll labeled WUCUFACVIO, it crumbles to dust.
You hear a loud clanging noise!
It was a scroll of noise.
As you read the scroll labeled VIEMUCY LYWN, it crumbles to dust.
It is a scroll of identify.
j - a potion of flight Are you sure you want to abandon this character and quit the game? (Confirm with "yes".)

#.....#####.#...#
#.......(...#...#
#...#.####..#...#
#...#.##....#...#
#...#.#..)#.#.###
#...#.#.......#
#§§§#.#.....#.#
#§§§#.#..#.##.#
#@§§#.#....##.#
##§##.#.......#
#§##.#########
#.##.# #.##.#
#.##.# #.##.#
#.##†# #.#..#


There were no monsters in sight!

Vanquished Creatures
  A dart slug (D:1)
  A leopard gecko (D:1)
  2 giant cockroaches (D:1)
  A goblin (D:1)
  4 hobgoblins (D:1)
  4 jackals (D:1)
  7 bats (D:1)
  7 frilled lizards (D:1)
  2 kobolds (D:1)
  3 rats (D:1)
32 creatures vanquished.

Notes
Turn   | Place    | Note
-------+----------+-------------------------------------------
     0 | D:1      | Kairos the Vine Stalker Fighter began the quest for the Orb.
     0 | D:1      | Reached XP level 1. HP: 11/11 MP: 2/2
   233 | D:1      | Reached XP level 2. HP: 13/16 MP: 1/3
   551 | D:1      | Reached skill level 3 in Shields
   567 | D:1      | Reached XP level 3. HP: 8/19 MP: 2/4
   893 | D:1      | Quit the game

Vault maps used:
D:1:      lemuel_arrival_hallway, minmay_lizard_king

Skill      XL: |  1  2 |
---------------+-------+-----
Shields        | 3 |  3.2
Axes           | 2 |  2.1
Fighting       | |  2.9
Armour         | |  2.7
Dodging        | |  0.4

Action                   || total
-------------------------++-------
Melee: War axe           ||    99
       Bite              ||    22
  Use: Scroll            ||     4
Armor: Scale mail        ||    41
Dodge: Dodged            ||    35
Block: Shield            ||    51

Table legend:
 A = Spawn XP
 B = Non-spawn XP
 C = Spawn XP percentage of total XP
 D = Spawn monster count
 E = Non-spawn monster count
 F = Spawn count percentage of total count
 G = Total turns spent on level
                    A         B        C        D         E        F      G
               +---------+---------+-------+---------+---------+-------+---------
         Total |       0 |      53 |   0.0 |       0 |      32 |   0.0 |   893
               +---------+---------+-------+---------+---------+-------+---------
           D:1 |       0 |      53 |   0.0 |       0 |      32 |   0.0 |   893
               +---------+---------+-------+---------+---------+-------+---------
